 Dungeon Crawl Stone Soup version 0.26-a0-667-g92642533e4 (webtiles) character file.

Game seed: 4415532821327347282

225 lunkers the Chopper (level 6, -2/43 HPs)
             Began as an Octopode Fighter on Oct 16, 2020.
             Was an Initiate of Ashenzari.
             Killed from afar by an orc wizard (4 damage)
             ... with a magic dart
             ... on level 4 of the Dungeon.
             The game lasted 00:03:27 (2229 turns).

lunkers the Chopper (Octopode Fighter)              Turns: 2229, Time: 00:03:28

Health: -2/43      AC:  5    Str: 15    XL:     6   Next: 1%
Magic:  15/15      EV: 15    Int: 12    God:    Ashenzari [......]
Gold:   221        SH:  5    Dex: 18    Spells: 5/5 levels left

rFire    . . .     SeeInvis .   a - +0 war axe
rCold    . . .     Faith    .   t - +0 buckler
rNeg     . . .     Spirit   .   (helmet restricted)
rPois    .         Reflect  .   (no amulet)
rElec    .         Harm     .   h - +4 ring of protection
rCorr    .         Rampage  .   o - +6 ring of dexterity
MR       .....                  s - ring of magical power
Stlth    +++.......             (no ring)
HPRegen  0.14/turn              (no ring)
MPRegen  0.14/turn              (no ring)
                                (no ring)
                                (no ring)

@: no status effects
A: almost no armour, stealthy swim, amphibious, 8 rings, constrict 8, camouflage
1, gelatinous body 1
a: Curse Item, Renounce Religion


You were on level 4 of the Dungeon.
You worshipped Ashenzari.
Ashenzari was noncommittal.
You visited 1 branch of the dungeon, and saw 4 of its levels.

You collected 221 gold pieces.

Inventory:

Hand Weapons
 a - a +0 war axe (weapon)
Missiles
 j - 10 poisoned darts (quivered)
Armour
 b - a +0 kite shield
 t - a +0 buckler (worn)
Jewellery
 h - a +4 ring of protection (left tentacle)
 o - a +6 ring of dexterity (right tentacle)
 s - a ring of magical power (on tentacle)
Scrolls
 d - 2 scrolls of amnesia {unknown}
 e - a scroll of enchant armour {unknown}
 f - a scroll of fog {unknown}
 i - a scroll of identify {unknown}
 k - 2 scrolls of magic mapping {unknown}
 l - a scroll of enchant weapon {unknown}
 n - a scroll of immolation {unknown}
 p - a scroll of fear {unknown}
Potions
 c - 3 potions of might
 g - a potion of degeneration {unknown}
 m - a potion of invisibility {unknown}
 q - 2 potions of stabbing {unknown}
 r - a potion of brilliance {unknown}


   Skills:
 + Level 4.1 Fighting
 * Level 4.5 Axes
 - Level 3.0 Dodging
 - Level 4.0 Shields


You had 5 spell levels left.
You didn't know any spells.
Your spell library contained the following spells:

 Spells                   Type           Power        Failure   Level
 Corona                   Hex            #......      32%         1
 Ensorcelled Hibernation  Hex/Ice        #.....       45%         2
 Confusing Touch          Hex            #.......     69%         3
 Dazzling Flash           Conj/Hex       #.....       69%         3
 Tukima's Dance           Hex            #.......     69%         3


Dungeon Overview and Level Annotations

Branches:
Dungeon (4/15)
 Temple: D:4-7

Altars:
Ashenzari

Annotations:
D:3 3 runed translucent doors, R007833r's ghost, amateur DrBe


Innate Abilities, Weirdness & Mutations

You cannot wear most types of armour.
You are very stealthy in the water. (Stealth+)
You are amphibious.
You can wear up to eight rings at the same time.
You can use your tentacles to constrict eight enemies at once.
Your skin changes colour to match your surroundings (Stealth+).
Your rubbery body absorbs attacks. (AC +1, EV +1)


Message History

Your experience leads to an increase in your attributes!
Your base attributes are Str 15, Int 11, Dex 12.
Increase (S)trength, (I)ntelligence, or (D)exterity?
You feel clever.
Unknown command.
Unknown command.
You closely miss the orc wizard. Your grab misses the orc wizard.
You squeeze the orc wizard, but do no damage.
The orc wizard hits you with a +0 dagger.
* * * LOW HITPOINT WARNING * * *
Unknown command.
Unknown command.
Unknown command.
Unknown command.
You miss the orc wizard. Your grab misses the orc wizard.
You squeeze the orc wizard, but do no damage.
You block the orc wizard's attack.
The orc wizard points at you and mumbles some strange words.
The magic dart hits you.
You die...

#...........+...#
#...........#...#
#...........#...#
#......<....#...#
###########....#..)#
.........##....#...#
.......?.##...##[..#
......)).###+###^..#
......)@...........#
......o)...........#
...................#
...................#
.....=<............#
..######+##...##...#
. ##+###+###


You could see an orc wizard.

Vanquished Creatures
  A howler monkey (D:4)
  An orc priest (D:4)
  2 orc wizards (D:4)
  An adder (D:3)
  A worm (D:2)
  3 leopard geckos
  7 orcs
  7 giant cockroaches
  11 goblins
  6 hobgoblins
  6 jackals
  8 kobolds
  2 quokkas (D:3)
  A ball python (D:1)
  11 bats
  7 frilled lizards
  10 rats
85 creatures vanquished.

Vanquished Creatures (others)
  5 plants (D:2)
5 creatures vanquished.

Grand Total: 90 creatures vanquished

Notes
Turn   | Place    | Note
-------+----------+-------------------------------------------
     0 | D:1      | lunkers the Octopode Fighter began the quest for the Orb.
     0 | D:1      | Reached XP level 1. HP: 16/16 MP: 1/1
   186 | D:1      | Reached XP level 2. HP: 19/21 MP: 2/2
   421 | D:1      | Reached XP level 3. HP: 21/26 MP: 3/3
  1330 | D:2      | Found a broken altar of Ashenzari.
  1527 | D:2      | Became a worshipper of Ashenzari the Shackled
  1584 | D:3      | Reached XP level 4. HP: 31/31 MP: 4/4
  1826 | D:3      | Noticed R007833r's ghost (amateur DrBe)
  1918 | D:3      | Found a faded altar of an unknown god.
  2046 | D:3      | Found a runed translucent gate.
  2048 | D:3      | Found a runed translucent gate.
  2049 | D:3      | Found a runed translucent gate.
  2217 | D:4      | Reached XP level 5. HP: 26/37 MP: 5/5
  2227 | D:4      | Reached XP level 6. HP: 2/43 MP: 6/6
  2228 | D:4      | HP: 2/43 [orc wizard/+0 dagger (1)]
  2229 | D:4      | Killed from afar by an orc wizard

Illustrated notes

Levels and vault maps discovered:
D:1:      dpeg_arrival_rooms_with_view, layout_rooms
D:2:      layout_loops_ring, ashenzari_altar_1, serial_bayou,
          serial_bayou_pond_b, serial_bayou_shore_b, serial_bayou_pond_a,
          serial_bayou_pond_d
D:3:      layout_rooms, chequers_ecumenical_altar_simple_redux,
          gammafunk_ghost_split, minmay_cupped
D:4:      layout_gridville, minmay_misc_feat_chi, tso_metal_star, uniq_natasha

Skill      XL: |  1  2  3  4  5 |
---------------+----------------+-----
Axes           | 3 4 |  4.5
Fighting       | 4 |  4.1
Shields        | 4 |  4.0
Dodging        | |  3.0

Action                   |  1- 3 |  4- 6 || total
-------------------------+-------+-------++-------
Melee: War axe           |    88 |    43 ||   131
       Constrict         |    18 |    17 ||    35
       Tentacles         |     9 |    13 ||    22
Throw: Dart              |    17 |    34 ||    51
 Stab: Sleeping          |     2 |       ||     2
Armor: Skin              |    30 |    11 ||    41
Dodge: Dodged            |    47 |    23 ||    70
Block: Kite shield       |    46 |    19 ||    65
       Buckler           |       |     5 ||     5

Table legend: (Time is in decaauts)
 A = Elapsed time spent in this place.
 B = Non-inter-level travel time spent in this place.
 C = Inter-level travel time spent in this place.
 D = Time resting spent in this place.
 E = Time spent auto-exploring this place.
 F = Levels seen in this place.
 G = Mean time per level.
                   A        B        C        D        E       F      G
               +--------+--------+--------+--------+--------+-----+--------+
         Total |   2287 |   2154 |    133 |     77 |   1562 |   4 |  571.8 |
       Dungeon |   2287 |   2154 |    133 |     77 |   1562 |   4 |  571.8 |
               +--------+--------+--------+--------+--------+-----+--------+

Top non-repeatable levels by time:
     D:2: 942 daAuts
     D:1: 764 daAuts
     D:3: 441 daAuts
     D:4: 138 daAuts
